AoeStats
← is it pink?

Glade

510617747Analyzed
1v1 RM · 1d ago on Oct 1, 2026· 29m 38s· 2 players
Game mode
Random Map
Map size
Tiny (2 player)
Population
200
Speed
Normal
Resources
Standard
Victory
Conquest
Starting age
Dark Age
Ending age
Imperial Age
RankedLock teamsTeams togetherTeam positionsShared explorationLock speedFull tech treeHidden civsTurbo modeCheats
Victory
Defeat
🇳🇱 Armenians · Netherlands
1741
+15
🇦🇷 Mongols · Argentina
1709
-15
DS_Rene Lavand
6:29 Loom
9:00 Feudal Age
9:03 Man-at-Arms
19:47 Fletching
23:09 Castle Age
22:05 Padded Archer Armor
23:57 Bodkin Arrow
27:32 Crossbowman
is it pink?
9:19 Feudal Age
9:41 Horse Collar
11:00 Double-Bit Axe
13:55 Man-at-Arms
14:53 Long Swordsman
15:05 Long Swordsman
16:10 Scale Mail Armor
17:22 Arson
18:57 Forging
22:51 Gold Mining
Connection lost

Rejoining the realm…

Still unreachable

The connection could not be restored.

Session expired

The server has moved on; the page needs a fresh start.